Oilers vs Senators

Created - January 5 2011 at 18:10

Goals
1 2 3 T
Oilers 0 1 1 2
Senators 0 1 3 4
Shots
1 2 3 T
Oilers 4 8 12 24
Senators 12 6 7 25

Period #1

No Goal

Penalties :
Sean ODonnell (EDM) for Hooking (Minor) at 0:14, Sergei Kostitsyn (OTT) for Holding (Minor) at 4:05, Jay Bouwmeester (OTT) for Tripping (Minor) at 13:34, Todd Marchant (EDM) for Roughing (Minor) at 16:18, Scott Nichol (EDM) for Roughing (Minor) at 18:42

Period #2

1. Senators , Trevor Daley 3 (Daniel Briere, Sidney Crosby) at 19:31
2. Oilers , Steve Sullivan 12 (Andrew Ladd) at 19:58 (PP)

Penalties :
Chris Stewart (OTT) for Fighting (Major) at 0:49, Sean ODonnell (EDM) for Fighting (Major) at 0:49, Mike Mottau (OTT) for High sticking (Minor) at 3:09, Mark Popovic (EDM) for Holding (Minor) at 10:15, Jay Bouwmeester (OTT) for Roughing (Minor) at 19:54

Period #3

3. Senators , Marian Gaborik 23 (Jay Bouwmeester, Sidney Crosby) at 5:18 (PP)
4. Oilers , Scott Hannan 6 (Bryce Salvador, Dany Heatley) at 12:27
5. Senators , Jason Spezza 18 (Chris Stewart, Filip Kuba) at 13:25 (PP)
6. Senators , Marian Gaborik 24 (David Jones, Jay Bouwmeester) at 13:42

Penalties :
Todd Marchant (EDM) for Interference (Minor) at 3:39, Daniel Briere (OTT) for Cross-checking (Minor) at 7:15, Roman Hamrlik (EDM) for Interference (Minor) at 10:15, Dany Heatley (EDM) for Roughing (Minor) at 13:01, Mike Mottau (OTT) for Hooking (Minor) at 14:06, Patrick Dwyer (OTT) for Hooking (Minor) at 18:28

Goalie Stats

Kari Lehtonen (EDM), 21 saves from 25 shots - (0.840), L, 15-10-7, 60:00 minutes
Carey Price (OTT), 22 saves from 24 shots - (0.917), W, 3-3-0, 60:00 minutes

Players Stats

Oilers
Player Name              G  A  P  +/- PIM S  H  SB FO    MP 
------------------------------------------------------------
Adrian Aucoin            0  0  0   0  0   0  0  1  0/0   4  
Andrew Ladd              0  1  1   0  0   4  1  0  1/1   9  
Bryce Salvador           0  1  1  -1  0   1  0  3  0/0   23 
Dany Heatley             0  1  1   0  2   5  1  0  0/1   22 
Derek Roy                0  0  0   0  0   2  1  1  13/29 22 
Mark Popovic             0  0  0   0  2   0  2  1  0/0   14 
Michal Handzus           0  0  0   0  0   2  0  0  13/27 23 
Miroslav Satan           0  0  0  -1  0   0  0  0  0/1   8  
Radek Dvorak             0  0  0   0  0   0  1  0  1/3   18 
Rod BrindAmour           0  0  0   0  0   0  0  0  0/0   0  
Roman Hamrlik            0  0  0   0  2   1  1  0  0/0   23 
Ryan Johnson             0  0  0   0  0   0  1  1  5/15  19 
Scott Hannan             1  0  1   0  0   3  0  3  0/0   24 
Scott Nichol             0  0  0  -1  2   0  2  0  2/10  13 
Sean ODonnell            0  0  0  -1  7   1  1  1  0/0   19 
Stephen Weiss            0  0  0   0  0   1  0  0  0/0   14 
Steve Sullivan           1  0  1   0  0   2  0  0  2/4   18 
Todd Marchant            0  0  0  -1  4   2  1  0  1/3   15 
Senators
Player Name              G  A  P  +/- PIM S  H  SB FO    MP 
------------------------------------------------------------
Chris Stewart            0  1  1   0  5   1  0  0  0/0   14 
Daniel Briere            0  1  1   1  2   2  0  0  1/1   13 
David Jones              0  1  1   1  0   0  0  1  1/3   18 
David Steckel            0  0  0  -1  0   0  1  0  9/17  11 
Dion Phaneuf             0  0  0   1  0   2  0  1  0/0   23 
Filip Kuba               0  1  1  -1  0   0  0  0  0/0   18 
Guillaume Latendresse    0  0  0   1  0   0  2  0  1/3   17 
Jason Spezza             1  0  1   1  0   3  0  0  13/21 18 
Jay Bouwmeester          0  2  2   1  4   0  1  1  0/0   22 
Jordan Staal             0  0  0   0  0   1  2  0  10/13 13 
Karlis Skrastins         0  0  0   1  0   1  1  2  0/0   18 
Marian Gaborik           2  0  2   1  0   6  3  0  1/2   20 
Mike Mottau              0  0  0  -1  4   1  0  0  0/0   21 
Milan Michalek           0  0  0   0  0   3  0  0  0/0   14 
Patrick Dwyer            0  0  0  -1  2   0  1  0  1/2   10 
Sergei Kostitsyn         0  0  0  -1  2   1  0  0  0/1   5  
Sidney Crosby            0  2  2   1  0   3  0  0  19/31 20 
Trevor Daley             1  0  1   1  0   1  0  0  0/0   16 

3 Stars

1 - Marian Gaborik (OTT)
2 - Jason Spezza (OTT)
3 - Sidney Crosby (OTT)

Power Play

Oilers - 1 on 7 Attempt(s) - 14.29%
Senators - 2 on 7 Attempt(s) - 28.57%

Penalty Kill

Oilers - 5 on 7 Attempt(s) - 71.43% - Score 0 goal in Penalty Kill
Senators - 6 on 7 Attempt(s) - 85.71% - Score 0 goal in Penalty Kill

Game Notes

Adrian Aucoin is injured at 8:22 of 1st period (Right Leg)
Chris Stewart and Sean ODonnell fight to a draw at 0:49 of 2nd period

Finance

Level 1 -- Attendance: 4449 (68.45%) -- Ticket Income $444,900.00
Level 2 -- Attendance: 3788 (75.76%) -- Ticket Income $227,280.00
Level 3 -- Attendance: 2926 (83.60%) -- Ticket Income $102,410.00
Level 4 -- Attendance: 1454 (46.11%) -- Ticket Income $43,620.00
Luxury Box -- Attendance: 646 (64.60%) -- Ticket Income $161,500.00
Game was played at the Scotiabank Place
Total Attendance: 13263 (69.25%)
Total Ticket Income: $1,005,534.00
Other Income: $201,813.00
Total Income: $1,207,347.00


Play by Play

Period #1

0:01 of 1st period - Sidney Crosby wins face-off versus Derek Roy in neutral zone.
0:13 of 1st period - Icing by Sean ODonnell.
0:14 of 1st period - David Jones wins face-off versus Derek Roy in Oilers zone.
0:14 of 1st period - Minor Penalty to Sean ODonnell for Hooking.
0:15 of 1st period - Jason Spezza wins face-off versus Ryan Johnson in Oilers zone.
0:24 of 1st period - Shot by Jason Spezza.
0:24 of 1st period - Stopped by Kari Lehtonen without a rebound.
0:25 of 1st period - Todd Marchant wins face-off versus Guillaume Latendresse in Oilers zone.
0:25 of 1st period - Todd Marchant is hit by Guillaume Latendresse.
0:57 of 1st period - Shot by Marian Gaborik.
0:57 of 1st period - Shot Misses the Net.
1:32 of 1st period - Icing by Milan Michalek.
1:33 of 1st period - Jason Spezza wins face-off versus Scott Nichol in Senators zone.
2:17 of 1st period - Icing by Sean ODonnell.
2:18 of 1st period - Derek Roy wins face-off versus Sidney Crosby in Oilers zone.
2:22 of 1st period - Off-side.
2:23 of 1st period - Derek Roy wins face-off versus Sidney Crosby in neutral zone.
2:46 of 1st period - Shot by Derek Roy.
2:46 of 1st period - Shot Misses the Net.
2:48 of 1st period - Shot by Adrian Aucoin.
2:48 of 1st period - Shot Misses the Net.
3:16 of 1st period - Ryan Johnson is hit by Marian Gaborik and loses puck.
3:51 of 1st period - Andrew Ladd is hit by Patrick Dwyer and loses puck.
4:05 of 1st period - Minor Penalty to Sergei Kostitsyn for Holding.
4:06 of 1st period - David Steckel wins face-off versus Derek Roy in Senators zone.
5:10 of 1st period - Icing by Stephen Weiss.
5:11 of 1st period - Michal Handzus wins face-off versus David Steckel in Oilers zone.
5:45 of 1st period - Dany Heatley is hit by Karlis Skrastins.
5:51 of 1st period - Shot by Derek Roy.
5:51 of 1st period - Shot Blocked by Karlis Skrastins.
6:15 of 1st period - Shot by Milan Michalek.
6:15 of 1st period - Stopped by Kari Lehtonen without a rebound.
6:16 of 1st period - Sidney Crosby wins face-off versus Michal Handzus in Oilers zone.
6:25 of 1st period - Shot by Stephen Weiss.
6:25 of 1st period - Deflect By Michal Handzus.
6:25 of 1st period - Stopped by Carey Price without a rebound.
6:26 of 1st period - Jordan Staal wins face-off versus Scott Nichol in Senators zone.
6:44 of 1st period - Shot by Jordan Staal.
6:44 of 1st period - Stopped by Kari Lehtonen with a rebound.
6:46 of 1st period - Shot by Jordan Staal.
6:46 of 1st period - Shot Misses the Net.
6:50 of 1st period - Shot by Milan Michalek.
6:50 of 1st period - Shot Blocked by Bryce Salvador.
6:54 of 1st period - Shot by Jordan Staal.
6:54 of 1st period - Shot Misses the Net.
7:18 of 1st period - Shot by Sidney Crosby.
7:18 of 1st period - Stopped by Kari Lehtonen without a rebound.
7:19 of 1st period - Jason Spezza wins face-off versus Michal Handzus in Oilers zone.
7:19 of 1st period - Jason Spezza is hit by Mark Popovic.
8:11 of 1st period - Shot by Andrew Ladd.
8:11 of 1st period - Stopped by Carey Price without a rebound.
8:12 of 1st period - Sidney Crosby wins face-off versus Derek Roy in Senators zone.
8:16 of 1st period - Icing by Guillaume Latendresse.
8:17 of 1st period - Sidney Crosby wins face-off versus Derek Roy in Senators zone.
8:22 of 1st period - Shot by Daniel Briere.
8:22 of 1st period - Shot Blocked by Adrian Aucoin.
8:22 of 1st period - Adrian Aucoin from Oilers is injured at 8:22 of 1st period (Right Leg).
8:23 of 1st period - Derek Roy wins face-off versus David Steckel in Oilers zone.
8:49 of 1st period - Icing by Derek Roy.
8:50 of 1st period - Sidney Crosby wins face-off versus Derek Roy in Oilers zone.
8:50 of 1st period - Trevor Daley is hit by Sean ODonnell and loses puck.
10:08 of 1st period - Shot by Chris Stewart.
10:08 of 1st period - Stopped by Kari Lehtonen with a rebound.
10:10 of 1st period - Shot by Milan Michalek.
10:10 of 1st period - Shot Misses the Net.
10:28 of 1st period - Shot by Jordan Staal.
10:28 of 1st period - Shot Misses the Net.
10:52 of 1st period - Shot by Marian Gaborik.
10:52 of 1st period - Shot Blocked by Bryce Salvador.
11:10 of 1st period - Shot by Jason Spezza.
11:10 of 1st period - Deflect By Marian Gaborik.
11:10 of 1st period - Shot Blocked by Bryce Salvador.
11:12 of 1st period - Shot by Marian Gaborik.
11:12 of 1st period - Stopped by Kari Lehtonen with a rebound.
11:14 of 1st period - Shot by Karlis Skrastins.
11:14 of 1st period - Stopped by Kari Lehtonen without a rebound.
11:15 of 1st period - Derek Roy wins face-off versus David Steckel in Oilers zone.
11:30 of 1st period - Shot by Patrick Dwyer.
11:30 of 1st period - Shot Misses the Net.
11:32 of 1st period - Shot by Sergei Kostitsyn.
11:32 of 1st period - Stopped by Kari Lehtonen without a rebound.
11:33 of 1st period - Michal Handzus wins face-off versus Guillaume Latendresse in Oilers zone.
11:42 of 1st period - Shot by Todd Marchant.
11:42 of 1st period - Stopped by Carey Price with a rebound.
11:47 of 1st period - Daniel Briere is hit by Mark Popovic and loses puck.
11:54 of 1st period - Shot by Guillaume Latendresse.
11:54 of 1st period - Shot Misses the Net.
11:58 of 1st period - Shot by Sidney Crosby.
11:58 of 1st period - Deflect By Daniel Briere.
11:58 of 1st period - Stopped by Kari Lehtonen without a rebound.
11:59 of 1st period - Jason Spezza wins face-off versus Derek Roy in Oilers zone.
12:19 of 1st period - Shot by Dany Heatley.
12:19 of 1st period - Stopped by Carey Price without a rebound.
12:20 of 1st period - Jordan Staal wins face-off versus Scott Nichol in Senators zone.
13:34 of 1st period - Minor Penalty to Jay Bouwmeester for Tripping.
13:35 of 1st period - David Steckel wins face-off versus Derek Roy in Senators zone.
13:45 of 1st period - Off-side.
13:46 of 1st period - David Steckel wins face-off versus Michal Handzus in neutral zone.
15:03 of 1st period - Icing by Roman Hamrlik.
15:04 of 1st period - Michal Handzus wins face-off versus David Jones in Oilers zone.
15:04 of 1st period - Michal Handzus is hit by Jordan Staal.
15:25 of 1st period - Michal Handzus is hit by David Steckel.
15:35 of 1st period - Icing by Dion Phaneuf.
15:36 of 1st period - Scott Nichol wins face-off versus Sidney Crosby in Senators zone.
15:37 of 1st period - Shot by Dany Heatley.
15:37 of 1st period - Shot Misses the Net.
16:18 of 1st period - Minor Penalty to Todd Marchant for Roughing.
16:19 of 1st period - Jason Spezza wins face-off versus Ryan Johnson in Oilers zone.
16:31 of 1st period - Icing by Milan Michalek.
16:32 of 1st period - Jason Spezza wins face-off versus Michal Handzus in Senators zone.
16:41 of 1st period - Shot by Jason Spezza.
16:41 of 1st period - Stopped by Kari Lehtonen without a rebound.
16:42 of 1st period - Derek Roy wins face-off versus Sidney Crosby in Oilers zone.
16:54 of 1st period - Shot by Jay Bouwmeester.
16:54 of 1st period - Shot Misses the Net.
16:56 of 1st period - Shot by Jay Bouwmeester.
16:56 of 1st period - Shot Blocked by Derek Roy.
16:58 of 1st period - Shot by Dion Phaneuf.
16:58 of 1st period - Stopped by Kari Lehtonen without a rebound.
16:59 of 1st period - Scott Nichol wins face-off versus Jason Spezza in Oilers zone.
17:14 of 1st period - Shot by Mike Mottau.
17:14 of 1st period - Stopped by Kari Lehtonen without a rebound.
17:15 of 1st period - Sidney Crosby wins face-off versus Michal Handzus in Oilers zone.
18:21 of 1st period - Icing by Karlis Skrastins.
18:22 of 1st period - Jason Spezza wins face-off versus Scott Nichol in Senators zone.
18:39 of 1st period - Shot by Miroslav Satan.
18:39 of 1st period - Shot Blocked by David Jones.
18:42 of 1st period - Minor Penalty to Scott Nichol for Roughing.
18:43 of 1st period - Michal Handzus wins face-off versus Sidney Crosby in Oilers zone.
19:16 of 1st period - Icing by Chris Stewart.
19:17 of 1st period - Sidney Crosby wins face-off versus Michal Handzus in Senators zone.
19:17 of 1st period - Sidney Crosby is hit by Todd Marchant.
19:47 of 1st period - Dion Phaneuf is hit by Radek Dvorak and loses puck.

Period #2

0:01 of 2nd period - Sidney Crosby wins face-off versus Radek Dvorak in neutral zone.
0:49 of 2nd period - Chris Stewart and Sean ODonnell fight to a draw.
0:49 of 2nd period - Penalty to Chris Stewart for Fighting.
0:49 of 2nd period - Penalty to Sean ODonnell for Fighting.
0:50 of 2nd period - David Steckel wins face-off versus Steve Sullivan in Oilers zone.
1:48 of 2nd period - Shot by Marian Gaborik.
1:48 of 2nd period - Deflect By David Jones.
1:48 of 2nd period - Shot Blocked by Scott Hannan.
1:52 of 2nd period - Shot by David Jones.
1:52 of 2nd period - Shot Misses the Net.
1:57 of 2nd period - Shot by Karlis Skrastins.
1:57 of 2nd period - Shot Misses the Net.
2:20 of 2nd period - Off-side.
2:21 of 2nd period - Derek Roy wins face-off versus Sidney Crosby in neutral zone.
2:23 of 2nd period - Off-side.
2:24 of 2nd period - Sidney Crosby wins face-off versus Derek Roy in neutral zone.
2:52 of 2nd period - Shot by Daniel Briere.
2:52 of 2nd period - Stopped by Kari Lehtonen with a rebound.
2:54 of 2nd period - Shot by Dion Phaneuf.
2:54 of 2nd period - Shot Misses the Net.
2:58 of 2nd period - Shot by Sidney Crosby.
2:58 of 2nd period - Shot Misses the Net.
3:02 of 2nd period - Shot by Sidney Crosby.
3:02 of 2nd period - Stopped by Kari Lehtonen without a rebound.
3:03 of 2nd period - Jordan Staal wins face-off versus Ryan Johnson in Oilers zone.
3:09 of 2nd period - Minor Penalty to Mike Mottau for High sticking.
3:10 of 2nd period - David Steckel wins face-off versus Ryan Johnson in Senators zone.
3:57 of 2nd period - Mark Popovic is hit by Jordan Staal and loses puck.
4:12 of 2nd period - Shot by Derek Roy.
4:12 of 2nd period - Stopped by Carey Price without a rebound.
4:13 of 2nd period - Patrick Dwyer wins face-off versus Todd Marchant in Senators zone.
4:13 of 2nd period - Patrick Dwyer is hit by Andrew Ladd.
5:34 of 2nd period - Shot by Scott Nichol.
5:34 of 2nd period - Shot Blocked by Jay Bouwmeester.
6:33 of 2nd period - Shot by Todd Marchant.
6:33 of 2nd period - Deflect By Stephen Weiss.
6:33 of 2nd period - Stopped by Carey Price without a rebound.
6:34 of 2nd period - Sidney Crosby wins face-off versus Derek Roy in Senators zone.
6:34 of 2nd period - Sidney Crosby is hit by Ryan Johnson.
6:39 of 2nd period - Daniel Briere is hit by Derek Roy.
7:46 of 2nd period - Icing by Todd Marchant.
7:47 of 2nd period - Jason Spezza wins face-off versus Michal Handzus in Oilers zone.
7:52 of 2nd period - Shot by Marian Gaborik.
7:52 of 2nd period - Shot Misses the Net.
7:59 of 2nd period - Todd Marchant is hit by Marian Gaborik and loses puck.
8:24 of 2nd period - Shot by Radek Dvorak.
8:24 of 2nd period - Deflect By Andrew Ladd.
8:24 of 2nd period - Stopped by Carey Price without a rebound.
8:25 of 2nd period - Jordan Staal wins face-off versus Scott Nichol in Senators zone.
8:25 of 2nd period - Jordan Staal is hit by Scott Nichol.
9:18 of 2nd period - Icing by Filip Kuba.
9:19 of 2nd period - Michal Handzus wins face-off versus Jordan Staal in Senators zone.
10:15 of 2nd period - Minor Penalty to Mark Popovic for Holding.
10:16 of 2nd period - Ryan Johnson wins face-off versus Sidney Crosby in Oilers zone.
10:16 of 2nd period - Ryan Johnson is hit by Guillaume Latendresse.
11:11 of 2nd period - Icing by Sidney Crosby.
11:12 of 2nd period - Sidney Crosby wins face-off versus Radek Dvorak in Senators zone.
11:41 of 2nd period - Chris Stewart is hit by Roman Hamrlik.
11:54 of 2nd period - Icing by Mike Mottau.
11:55 of 2nd period - Jason Spezza wins face-off versus Michal Handzus in Senators zone.
12:32 of 2nd period - Icing by Karlis Skrastins.
12:33 of 2nd period - Steve Sullivan wins face-off versus David Steckel in Senators zone.
12:38 of 2nd period - Shot by Dany Heatley.
12:38 of 2nd period - Stopped by Carey Price without a rebound.
12:39 of 2nd period - Derek Roy wins face-off versus Sidney Crosby in Senators zone.
13:02 of 2nd period - Shot by Derek Roy.
13:02 of 2nd period - Deflect By Dany Heatley.
13:02 of 2nd period - Shot Misses the Net.
13:04 of 2nd period - Shot by Sean ODonnell.
13:04 of 2nd period - Shot Misses the Net.
13:08 of 2nd period - Shot by Dany Heatley.
13:08 of 2nd period - Shot Misses the Net.
13:26 of 2nd period - Shot by Andrew Ladd.
13:26 of 2nd period - Stopped by Carey Price without a rebound.
13:27 of 2nd period - Michal Handzus wins face-off versus David Steckel in Senators zone.
13:34 of 2nd period - Shot by Todd Marchant.
13:34 of 2nd period - Stopped by Carey Price without a rebound.
13:35 of 2nd period - Jordan Staal wins face-off versus Scott Nichol in Senators zone.
13:42 of 2nd period - Shot by Mike Mottau.
13:42 of 2nd period - Shot Misses the Net.
13:44 of 2nd period - Shot by Milan Michalek.
13:44 of 2nd period - Stopped by Kari Lehtonen with a rebound.
13:48 of 2nd period - Shot by Chris Stewart.
13:48 of 2nd period - Shot Misses the Net.
13:50 of 2nd period - Shot by Filip Kuba.
13:50 of 2nd period - Shot Misses the Net.
13:52 of 2nd period - Shot by Chris Stewart.
13:52 of 2nd period - Shot Misses the Net.
14:33 of 2nd period - Off-side.
14:34 of 2nd period - Ryan Johnson wins face-off versus Jason Spezza in neutral zone.
14:34 of 2nd period - Ryan Johnson is hit by Marian Gaborik.
15:34 of 2nd period - Shot by Derek Roy.
15:34 of 2nd period - Shot Blocked by Karlis Skrastins.
15:36 of 2nd period - Shot by Todd Marchant.
15:36 of 2nd period - Shot Misses the Net.
15:38 of 2nd period - Shot by Michal Handzus.
15:38 of 2nd period - Shot Misses the Net.
15:40 of 2nd period - Shot by Stephen Weiss.
15:40 of 2nd period - Deflect By Michal Handzus.
15:40 of 2nd period - Shot Misses the Net.
15:42 of 2nd period - Shot by Derek Roy.
15:42 of 2nd period - Shot Misses the Net.
15:44 of 2nd period - Shot by Derek Roy.
15:44 of 2nd period - Shot Misses the Net.
15:46 of 2nd period - Shot by Derek Roy.
15:46 of 2nd period - Deflect By Michal Handzus.
15:46 of 2nd period - Shot Misses the Net.
15:48 of 2nd period - Shot by Scott Hannan.
15:48 of 2nd period - Shot Misses the Net.
16:50 of 2nd period - Shot by Andrew Ladd.
16:50 of 2nd period - Stopped by Carey Price without a rebound.
16:51 of 2nd period - Jordan Staal wins face-off versus Dany Heatley in Senators zone.
17:16 of 2nd period - Shot by Chris Stewart.
17:16 of 2nd period - Shot Misses the Net.
17:18 of 2nd period - Shot by Jordan Staal.
17:18 of 2nd period - Shot Blocked by Scott Hannan.
17:20 of 2nd period - Shot by Jordan Staal.
17:20 of 2nd period - Deflect By Chris Stewart.
17:20 of 2nd period - Shot Blocked by Scott Hannan.
17:24 of 2nd period - Shot by Milan Michalek.
17:24 of 2nd period - Shot Misses the Net.
17:28 of 2nd period - Shot by Jordan Staal.
17:28 of 2nd period - Shot Hit the Post.
18:13 of 2nd period - Icing by Michal Handzus.
18:14 of 2nd period - Sidney Crosby wins face-off versus Steve Sullivan in Oilers zone.
18:17 of 2nd period - Shot by Marian Gaborik.
18:17 of 2nd period - Stopped by Kari Lehtonen with a rebound.
18:22 of 2nd period - Icing by Dany Heatley.
18:23 of 2nd period - Jordan Staal wins face-off versus Derek Roy in Oilers zone.
18:38 of 2nd period - Shot by Milan Michalek.
18:38 of 2nd period - Stopped by Kari Lehtonen without a rebound.
18:39 of 2nd period - Jason Spezza wins face-off versus Ryan Johnson in Oilers zone.
18:57 of 2nd period - Icing by Jay Bouwmeester.
18:58 of 2nd period - Jason Spezza wins face-off versus Ryan Johnson in Senators zone.
19:02 of 2nd period - Off-side.
19:03 of 2nd period - David Steckel wins face-off versus Ryan Johnson in neutral zone.
19:21 of 2nd period - Off-side.
19:22 of 2nd period - Sidney Crosby wins face-off versus Scott Nichol in neutral zone.
19:29 of 2nd period - Shot by Daniel Briere.
19:29 of 2nd period - Shot Blocked by Sean ODonnell.
19:31 of 2nd period - Shot by Trevor Daley.
19:31 of 2nd period - Goal by Trevor Daley - Oilers : 0 - Senators : 1.
19:32 of 2nd period - Marian Gaborik wins face-off versus Ryan Johnson in neutral zone.
19:45 of 2nd period - Shot by Marian Gaborik.
19:45 of 2nd period - Shot Blocked by Ryan Johnson.
19:54 of 2nd period - Minor Penalty to Jay Bouwmeester for Roughing.
19:55 of 2nd period - Andrew Ladd wins face-off versus Patrick Dwyer in Senators zone.
19:58 of 2nd period - Shot by Steve Sullivan.
19:58 of 2nd period - Goal by Steve Sullivan - Oilers : 1 - Senators : 1.
19:59 of 2nd period - Sidney Crosby wins face-off versus Ryan Johnson in neutral zone.

Period #3

0:01 of 3rd period - Sidney Crosby wins face-off versus Derek Roy in neutral zone.
0:26 of 3rd period - Shot by Dany Heatley.
0:26 of 3rd period - Shot Misses the Net.
0:28 of 3rd period - Shot by Scott Hannan.
0:28 of 3rd period - Stopped by Carey Price without a rebound.
0:29 of 3rd period - Ryan Johnson wins face-off versus Jason Spezza in Senators zone.
1:01 of 3rd period - Shot by Marian Gaborik.
1:01 of 3rd period - Shot Misses the Net.
1:03 of 3rd period - Shot by Marian Gaborik.
1:03 of 3rd period - Stopped by Kari Lehtonen without a rebound.
1:04 of 3rd period - Jordan Staal wins face-off versus Michal Handzus in Oilers zone.
1:16 of 3rd period - Icing by Mark Popovic.
1:17 of 3rd period - Michal Handzus wins face-off versus Sidney Crosby in Oilers zone.
1:22 of 3rd period - Shot by Stephen Weiss.
1:22 of 3rd period - Shot Blocked by Dion Phaneuf.
1:38 of 3rd period - Shot by Guillaume Latendresse.
1:38 of 3rd period - Shot Misses the Net.
1:40 of 3rd period - Shot by Dion Phaneuf.
1:40 of 3rd period - Stopped by Kari Lehtonen without a rebound.
1:41 of 3rd period - Derek Roy wins face-off versus Jordan Staal in Oilers zone.
2:04 of 3rd period - Shot by Dany Heatley.
2:04 of 3rd period - Stopped by Carey Price without a rebound.
2:05 of 3rd period - Ryan Johnson wins face-off versus Jason Spezza in Senators zone.
3:15 of 3rd period - Shot by Sidney Crosby.
3:15 of 3rd period - Shot Misses the Net.
3:26 of 3rd period - Icing by Trevor Daley.
3:27 of 3rd period - Guillaume Latendresse wins face-off versus Michal Handzus in Senators zone.
3:39 of 3rd period - Minor Penalty to Todd Marchant for Interference.
3:40 of 3rd period - Michal Handzus wins face-off versus Jason Spezza in Oilers zone.
4:12 of 3rd period - Icing by Chris Stewart.
4:13 of 3rd period - Jason Spezza wins face-off versus Michal Handzus in Senators zone.
4:46 of 3rd period - Shot by Marian Gaborik.
4:46 of 3rd period - Shot Hit the Post.
4:48 of 3rd period - Shot by Marian Gaborik.
4:48 of 3rd period - Stopped by Kari Lehtonen without a rebound.
4:49 of 3rd period - Sidney Crosby wins face-off versus Michal Handzus in Oilers zone.
5:14 of 3rd period - Shot by Sidney Crosby.
5:14 of 3rd period - Shot Misses the Net.
5:18 of 3rd period - Shot by Marian Gaborik.
5:18 of 3rd period - Goal by Marian Gaborik - Oilers : 1 - Senators : 2.
5:19 of 3rd period - David Steckel wins face-off versus Miroslav Satan in neutral zone.
5:19 of 3rd period - Mike Mottau is hit by Scott Nichol and loses puck.
5:48 of 3rd period - Shot by David Steckel.
5:48 of 3rd period - Shot Blocked by Mark Popovic.
5:53 of 3rd period - Shot by Sergei Kostitsyn.
5:53 of 3rd period - Shot Misses the Net.
6:56 of 3rd period - Shot by Michal Handzus.
6:56 of 3rd period - Stopped by Carey Price without a rebound.
6:57 of 3rd period - Daniel Briere wins face-off versus Derek Roy in Senators zone.
7:15 of 3rd period - Minor Penalty to Daniel Briere for Cross-checking.
7:16 of 3rd period - David Steckel wins face-off versus Todd Marchant in Senators zone.
8:26 of 3rd period - Icing by Derek Roy.
8:27 of 3rd period - Jordan Staal wins face-off versus Derek Roy in Oilers zone.
9:13 of 3rd period - Icing by Scott Hannan.
9:14 of 3rd period - Ryan Johnson wins face-off versus David Jones in Oilers zone.
9:28 of 3rd period - Shot by Dany Heatley.
9:28 of 3rd period - Shot Misses the Net.
9:30 of 3rd period - Shot by Miroslav Satan.
9:30 of 3rd period - Shot Misses the Net.
10:15 of 3rd period - Minor Penalty to Roman Hamrlik for Interference.
10:16 of 3rd period - Sidney Crosby wins face-off versus Michal Handzus in Oilers zone.
10:35 of 3rd period - Shot by Sidney Crosby.
10:35 of 3rd period - Stopped by Kari Lehtonen without a rebound.
10:36 of 3rd period - Steve Sullivan wins face-off versus Jason Spezza in Oilers zone.
11:29 of 3rd period - Shot by Steve Sullivan.
11:29 of 3rd period - Stopped by Carey Price without a rebound.
11:30 of 3rd period - Radek Dvorak wins face-off versus Sidney Crosby in Senators zone.
12:25 of 3rd period - Shot by Bryce Salvador.
12:25 of 3rd period - Shot Misses the Net.
12:27 of 3rd period - Shot by Scott Hannan.
12:27 of 3rd period - Goal by Scott Hannan - Oilers : 2 - Senators : 2.
12:28 of 3rd period - Sidney Crosby wins face-off versus Ryan Johnson in neutral zone.
12:57 of 3rd period - Icing by Dion Phaneuf.
12:58 of 3rd period - Sidney Crosby wins face-off versus Derek Roy in Senators zone.
12:58 of 3rd period - Sidney Crosby is hit by Dany Heatley.
13:01 of 3rd period - Minor Penalty to Dany Heatley for Roughing.
13:02 of 3rd period - Michal Handzus wins face-off versus Jason Spezza in Oilers zone.
13:25 of 3rd period - Shot by Jason Spezza.
13:25 of 3rd period - Goal by Jason Spezza - Oilers : 2 - Senators : 3.
13:26 of 3rd period - Jason Spezza wins face-off versus Scott Nichol in neutral zone.
13:42 of 3rd period - Shot by Marian Gaborik.
13:42 of 3rd period - Goal by Marian Gaborik - Oilers : 2 - Senators : 4.
13:43 of 3rd period - Derek Roy wins face-off versus Sergei Kostitsyn in neutral zone.
14:06 of 3rd period - Minor Penalty to Mike Mottau for Hooking.
14:07 of 3rd period - Jordan Staal wins face-off versus Michal Handzus in Senators zone.
14:45 of 3rd period - Icing by Michal Handzus.
14:46 of 3rd period - Michal Handzus wins face-off versus David Steckel in Oilers zone.
15:55 of 3rd period - Shot by Radek Dvorak.
15:55 of 3rd period - Shot Misses the Net.
15:57 of 3rd period - Shot by Roman Hamrlik.
15:57 of 3rd period - Stopped by Carey Price without a rebound.
15:58 of 3rd period - Derek Roy wins face-off versus David Steckel in Senators zone.
16:51 of 3rd period - Icing by Dion Phaneuf.
16:52 of 3rd period - Derek Roy wins face-off versus Sidney Crosby in Senators zone.
17:39 of 3rd period - Shot by Chris Stewart.
17:39 of 3rd period - Deflect By Milan Michalek.
17:39 of 3rd period - Shot Misses the Net.
17:46 of 3rd period - Off-side.
17:47 of 3rd period - Michal Handzus wins face-off versus Jason Spezza in neutral zone.
17:52 of 3rd period - Radek Dvorak is hit by Jay Bouwmeester and loses puck.
18:06 of 3rd period - Shot by Ryan Johnson.
18:06 of 3rd period - Shot Misses the Net.
18:08 of 3rd period - Shot by Scott Hannan.
18:08 of 3rd period - Stopped by Carey Price with a rebound.
18:28 of 3rd period - Minor Penalty to Patrick Dwyer for Hooking.
18:29 of 3rd period - Derek Roy wins face-off versus Sidney Crosby in Senators zone.
18:40 of 3rd period - Shot by Dany Heatley.
18:40 of 3rd period - Stopped by Carey Price with a rebound.
18:44 of 3rd period - Shot by Dany Heatley.
18:44 of 3rd period - Stopped by Carey Price without a rebound.
18:45 of 3rd period - Derek Roy wins face-off versus David Steckel in Senators zone.
18:54 of 3rd period - Shot by Derek Roy.
18:54 of 3rd period - Stopped by Carey Price with a rebound.
19:02 of 3rd period - Shot by Derek Roy.
19:02 of 3rd period - Shot Misses the Net.
19:04 of 3rd period - Shot by Sean ODonnell.
19:04 of 3rd period - Stopped by Carey Price without a rebound.
19:05 of 3rd period - Michal Handzus wins face-off versus Marian Gaborik in Senators zone.
19:28 of 3rd period - Icing by Radek Dvorak.
19:29 of 3rd period - Michal Handzus wins face-off versus Jordan Staal in Oilers zone.
19:54 of 3rd period - Shot by Bryce Salvador.
19:54 of 3rd period - Stopped by Carey Price without a rebound.
19:55 of 3rd period - David Steckel wins face-off versus Derek Roy in Senators zone.


Output by the SimonT Hockey Simulator (STHS) for Stephane Roy -- Original Page W3C XHTML 1.0 Valid